[Event "Titled Tuesday Blitz May 4 2021"]
[White "Caputcuoglu, Zeki Berke"]
[Black "Klimkowski, Jan"]
[WhiteFideId "34548610"]
[BlackFideId "21856222"]
[WhiteElo "1368"]
[BlackElo "1903"]
[Result "0-1"]
[Round "05"]
[TimeControl "180+1"]
[Date "2021.05.04"]
[WhiteClock "0:00:16"]
[BlackClock "0:00:02"]

1. e4 c5 2. Nf3 d6 3. d4 cxd4 4. Nxd4 Nf6 5. Nc3 a6 6. f3 e5 7. Nb3 Be6 8. Be3 h5 9. Qd2 Nbd7 10. Nd5 Bxd5 11. exd5 g6 12. Be2 Bg7 13. O-O O-O 14. c4 b6 15. Rac1 Rc8 16. Kh1 Re8 17. g4 hxg4 18. fxg4 Ne4 19. Qc2 Nec5 20. Nxc5 bxc5 21. Qe4 Rb8 22. b3 Qh4 23. Bf2 Qh6 24. Be3 Qh4 25. Bf2 Qh3 26. g5 Qf5 27. Qh4 Qf4 28. Qh3 Re7 29. Bxc5 Nxc5 30. Rxf4 exf4 31. Qg2 Re3 32. Rf1 Rbe8 33. Bg4 Nd3 34. h4 Rg3 35. Qd2 Ree3 36. Rg1 Bc3 37. Qc2 Rxg1+ 38. Kxg1 Bd4 39. Kf1 Re1+ 40. Kg2 Rg1+ 41. Kh2 Ne1 42. Qe2 Be3 43. Bf3 Rg3 44. Qxe1 Rxf3 45. b4 Rf2+ 46. Kh1 Rc2 47. Qf1 Rc1 48. Qxc1 Bxc1 49. c5 dxc5 50. bxc5 Kf8 51. Kg2 Ke8 52. Kf3 Kd7 53. Ke4 Be3 54. c6+ Kd6 55. Kf3 Bb6 56. Kxf4 Kxd5 57. h5 gxh5 58. Kg3 Kxc6 59. Kh4 Kd6 60. Kxh5 Ke6 61. Kh6 Be3 62. Kg7 Bxg5 0-1


[Site "https://www.chess.com"]

[Event "Titled Tuesday Blitz May 4 2021"]
[White "Carrasco Miranda, Andres"]
[Black "elcandado"]
[WhiteFideId "3405990"]
[WhiteElo "2177"]
[BlackElo "2571"]
[Result "1-0"]
[Round "05"]
[TimeControl "180+1"]
[Date "2021.05.04"]
[WhiteClock "0:00:14"]
[BlackClock "0:00:01"]

1. d4 Nf6 2. c4 e6 3. g3 d5 4. Nf3 Be7 5. Bg2 O-O 6. O-O dxc4 7. Qc2 a6 8. a4 Bd7 9. Qxc4 Bc6 10. Bg5 a5 11. Rd1 Na6 12. e3 Nb4 13. Nc3 Bxf3 14. Bxf3 c6 15. Bxf6 Bxf6 16. Ne4 Be7 17. Rac1 Qb6 18. b3 Rfd8 19. Kg2 h6 20. h4 Rd7 21. Nc5 Bxc5 22. dxc5 Qd8 23. Rxd7 Qxd7 24. Rd1 Qe7 25. Rd6 Rd8 26. Qd4 Rxd6 27. cxd6 Qd8 28. e4 b6 29. e5 Nd5 30. Bxd5 exd5 31. f4 f5 32. h5 Kf7 33. b4 axb4 34. Qxb4 Ke6 35. a5 bxa5 36. Qb7 Qd7 37. Qa8 Qf7 38. Qxc6 Qd7 39. Qa8 d4 40. Qxa5 1-0


[Site "https://www.chess.com"]

[Event "Titled Tuesday Blitz May 4 2021"]
[White "Cella, Glaucio Dalla Cortt"]
[Black "Lomaia, Diana"]
[WhiteFideId "2119455"]
[BlackFideId "13612476"]
[WhiteElo "2011"]
[BlackElo "1742"]
[Result "0-1"]
[Round "05"]
[TimeControl "180+1"]
[Date "2021.05.04"]
[WhiteClock "0:00:05"]
[BlackClock "0:00:22"]

1. e4 c5 2. Nf3 e6 3. c3 Nf6 4. e5 Nd5 5. d4 cxd4 6. cxd4 Nc6 7. Nc3 Nxc3 8. bxc3 d5 9. Bd3 Be7 10. O-O O-O 11. Rb1 f6 12. exf6 Bxf6 13. Re1 Qd6 14. Qe2 b6 15. Ne5 Bxe5 16. dxe5 Qc7 17. f4 Ne7 18. Ba3 Rxf4 19. Bxe7 Qxe7 20. Rf1 Rxf1+ 21. Rxf1 Bd7 22. Qh5 g6 23. Qh6 Qg7 24. Qg5 Rf8 25. Rf6 Rxf6 26. exf6 Qf7 27. h4 Be8 28. h5 a5 29. hxg6 hxg6 30. g4 b5 31. a3 Qa7+ 32. Kg2 Qh7 33. Kg3 Qc7+ 34. Qf4 e5 35. Qh6 e4+ 36. Kh4 exd3 37. Kg5 Qe5+ 38. Kh4 Qxf6+ 39. g5 Qf4+ 40. Kh3 d2 0-1


[Site "https://www.chess.com"]

[Event "Titled Tuesday Blitz May 4 2021"]
[White "Chabris, Christopher"]
[Black "Wisniowski, Natalie"]
[WhiteFideId "2005263"]
[BlackFideId "30929261"]
[WhiteElo "2285"]
[BlackElo "1702"]
[Result "1-0"]
[Round "05"]
[TimeControl "180+1"]
[Date "2021.05.04"]
[WhiteClock "0:00:16"]
[BlackClock "0:00:02"]

1. e4 c5 2. Nf3 d6 3. Bb5+ Bd7 4. Bxd7+ Nxd7 5. O-O Ngf6 6. Qe2 e6 7. c3 Be7 8. d4 cxd4 9. cxd4 O-O 10. Nc3 Rc8 11. Bg5 Nb6 12. Rad1 Nc4 13. e5 Nd7 14. Bxe7 Qxe7 15. d5 Ndxe5 16. Nd4 Nb6 17. f4 Nec4 18. f5 Qg5 19. dxe6 Qe3+ 20. Kh1 Qxe2 21. Ncxe2 Ne3 22. Rfe1 Nxd1 23. Rxd1 fxe6 24. fxe6 Rce8 25. Nc3 Rf2 26. Ndb5 Nc4 27. Kg1 Rxb2 28. Nc7 Re7 29. N3d5 Rxe6 30. Nxe6 Rxa2 31. Rf1 h6 32. Ne7+ Kh7 33. Nf8+ Kh8 34. Nfg6+ Kh7 35. Rf8 Ra1+ 36. Kf2 Ra2+ 37. Ke1 Ra1+ 38. Ke2 Ra2+ 39. Kd1 Ra1+ 40. Kc2 Ra2+ 41. Kb3 Rb2+ 42. Kxc4 Rc2+ 43. Kd5 Rd2+ 44. Kc4 Rc2+ 45. Kd3 Rc8 46. Rxc8 b5 47. Rh8# 1-0


[Site "https://www.chess.com"]

[Event "Titled Tuesday Blitz May 4 2021"]
[White "Chandratreya, Prachiti"]
[Black "Ljukin, Sergei"]
[WhiteFideId "46611215"]
[BlackFideId "14102200"]
[WhiteElo "1737"]
[BlackElo "2287"]
[Result "1-0"]
[Round "05"]
[TimeControl "180+1"]
[Date "2021.05.04"]
[WhiteClock "0:00:27"]
[BlackClock "0:00:06"]

1. e4 e6 2. Nf3 d5 3. Nc3 Nf6 4. e5 Nfd7 5. d4 c5 6. Ne2 cxd4 7. Nexd4 Nc6 8. c3 Ndxe5 9. Be2 Nxf3+ 10. Bxf3 Bd6 11. O-O O-O 12. g3 a6 13. Bg2 e5 14. Nb3 e4 15. Qxd5 Be6 16. Qxe4 Re8 17. Qc2 Qc8 18. Be3 Bf5 19. Qd2 Rd8 20. Qe2 Ne5 21. Rad1 Bg4 22. f3 Bf5 23. Nd4 Bd7 24. Qf2 Nc4 25. Bc1 Bc5 26. Kh1 h5 27. Bg5 f6 28. Bc1 Ne5 29. Qc2 h4 30. f4 h3 31. Bd5+ Nf7 32. Qb3 Rf8 33. Qxb7 Qxb7 34. Bxb7 Ra7 35. Bf3 a5 36. Nb3 Bb6 37. Nd4 Nd6 38. Nc6 Bxc6 39. Bxc6 Nc4 40. Bd5+ 1-0


[Site "https://www.chess.com"]

[Event "Titled Tuesday Blitz May 4 2021"]
[White "Christiansen, Johan-Sebastian"]
[Black "Landaw, Julian"]
[WhiteFideId "1512668"]
[BlackFideId "2023342"]
[WhiteElo "2593"]
[BlackElo "2312"]
[Result "0-1"]
[Round "05"]
[TimeControl "180+1"]
[Date "2021.05.04"]
[WhiteClock "0:00:02"]
[BlackClock "0:00:09"]

1. e4 e5 2. Nf3 Nc6 3. d4 exd4 4. Nxd4 Nf6 5. Nxc6 bxc6 6. e5 Qe7 7. Qe2 Nd5 8. c4 Ba6 9. b3 g5 10. Bb2 Bg7 11. g3 O-O-O 12. Bg2 Rde8 13. O-O Bxe5 14. Qxe5 Qxe5 15. Bxe5 Rxe5 16. cxd5 Bxf1 17. Kxf1 cxd5 18. Nd2 g4 19. f4 Rf5 20. Re1 c6 21. b4 Kc7 22. Nb3 Kd6 23. Nd4 Rf6 24. Re5 h5 25. Ke2 Rb8 26. a3 a5 27. b5 Kc5 28. Kd3 h4 29. Rg5 hxg3 30. hxg3 Rh6 31. Rxg4 Rh2 32. Bf3 Ra2 33. f5 Rxa3+ 34. Kc2 a4 35. Be2 cxb5 36. Bd1 b4 37. Ne2 b3+ 38. Kb1 b2 39. Rxa4 Rd3 40. Bc2 Re3 41. Nc3 d4 42. Nd1 Rxg3 43. Ra5+ Kd6 44. Ra6+ Ke5 45. Ra5+ d5 46. Nf2 Rg1+ 47. Nd1 d3 48. Ba4 d2 49. Ra7 Rc8 50. Re7+ Kf6 51. Rd7 Rc1+ 52. Kxb2 Rgxd1 53. Bxd1 Rxd1 54. Rxd5 Rf1 55. Rxd2 Kxf5 56. Kc2 Ke4 57. Re2+ Kd4 58. Kd2 f5 59. Re8 Rf4 60. Rf8 Rf2+ 61. Ke1 Ke3 62. Re8+ Kf3 63. Rg8 Ra2 64. Rb8 Ra1+ 65. Kd2 f4 66. Rb3+ Kf2 67. Rb8 f3 68. Rg8 Ra2+ 69. Kd1 Kf1 70. Rg7 f2 71. Rg6 Ra1+ 72. Kd2 Ra5 73. Kd1 Rd5+ 74. Kc2 Ke2 75. Re6+ Kf3 76. Rf6+ Ke3 77. Kc1 Rd4 78. Kc2 Rf4 79. Re6+ Kf3 80. Re8 f1=Q 81. Rc8 Rc4+ 82. Kd2 Qe2# 0-1


[Site "https://www.chess.com"]

[Event "Titled Tuesday Blitz May 4 2021"]
[White "Chyzy, Jakub"]
[Black "Suasnabar, Jesus"]
[WhiteFideId "21806209"]
[BlackFideId "3800776"]
[WhiteElo "2013"]
[BlackElo "2002"]
[Result "1/2-1/2"]
[Round "05"]
[TimeControl "180+1"]
[Date "2021.05.04"]
[WhiteClock "0:00:12"]
[BlackClock "0:00:12"]

1. b3 d5 2. Bb2 Nf6 3. e3 Bf5 4. Nf3 e6 5. Be2 Be7 6. O-O O-O 7. Ne5 Nbd7 8. f4 h6 9. d3 c6 10. Nd2 a5 11. c4 a4 12. Kh1 Qb6 13. Nxd7 Nxd7 14. e4 Bh7 15. Qc2 Rfe8 16. Rae1 axb3 17. axb3 Ra2 18. Qb1 Rea8 19. cxd5 cxd5 20. exd5 Bb4 21. Nc4 Qa6 22. dxe6 Qxe6 23. Bf3 Bxe1 24. Rxe1 Qg6 25. Bxb7 Qxd3 26. Qxd3 Bxd3 27. Bxa8 Rxa8 28. Ne5 Nxe5 29. Bxe5 Re8 30. Rd1 Bc2 31. Rc1 Bxb3 32. Rb1 Bd5 33. Rb8 Rxb8 34. Bxb8 Kh7 35. Kg1 Kg6 36. Kf2 Kf5 37. g3 h5 38. Kg1 f6 39. Kf2 g5 40. fxg5 fxg5 41. h4 g4 42. Ke3 Bb7 43. Bf4 Bc6 44. Bb8 Bb7 45. Bf4 Bc6 46. Bb8 Bb7 1/2-1/2


[Site "https://www.chess.com"]

[Event "Titled Tuesday Blitz May 4 2021"]
[White "Coelho, Ramyres Santana"]
[Black "Kononenko, Dmitry"]
[WhiteFideId "2120690"]
[BlackFideId "14113538"]
[WhiteElo "1888"]
[BlackElo "2289"]
[Result "0-1"]
[Round "05"]
[TimeControl "180+1"]
[Date "2021.05.04"]
[WhiteClock "0:00:07"]
[BlackClock "0:00:30"]

1. e4 c6 2. d4 d5 3. Nc3 dxe4 4. Nxe4 Bf5 5. Ng3 Bg6 6. Nf3 Nd7 7. h4 h6 8. h5 Bh7 9. Bd3 Bxd3 10. Qxd3 e6 11. Bd2 Ngf6 12. O-O-O Be7 13. Ne4 O-O 14. Nxf6+ Nxf6 15. Ne5 c5 16. Bc3 Nd5 17. g3 Bf6 18. dxc5 Qc7 19. f4 Rfd8 20. Qf3 Qxc5 21. Bd4 Qa5 22. Kb1 Rac8 23. c3 b5 24. g4 b4 25. cxb4 Nxb4 26. a3 Nd5 27. g5 Bxe5 28. Bxe5 hxg5 29. fxg5 Ne7 30. Rxd8+ Rxd8 31. Bc3 Qf5+ 32. Qxf5 Nxf5 33. h6 gxh6 34. gxh6 Kh7 35. Bf6 Rd2 36. Rc1 Rd7 37. Rc8 Kxh6 38. Rh8+ Kg6 39. Bc3 f6 40. Rg8+ Kf7 41. Rc8 e5 42. Rc6 Nd6 43. b4 Ke6 44. a4 Kd5 45. Ra6 Kc4 46. Rc6+ Kb3 47. a5 Ne4 48. Bb2 Rd1+ 49. Bc1 Nc3+ 50. Rxc3+ Kxc3 51. b5 Kb4 52. b6 axb6 53. axb6 Kb5 54. b7 Rd8 55. Be3 Ka6 56. Kc2 Kxb7 57. Kc3 Kc6 58. Bb6 Kxb6 0-1


[Site "https://www.chess.com"]

[Event "Titled Tuesday Blitz May 4 2021"]
[White "Colas, Joshua"]
[Black "Vovk, Orest"]
[WhiteFideId "2044447"]
[BlackFideId "14113490"]
[WhiteElo "2347"]
[BlackElo "2203"]
[Result "1/2-1/2"]
[Round "05"]
[TimeControl "180+1"]
[Date "2021.05.04"]
[WhiteClock "0:00:04"]
[BlackClock "0:00:04"]

1. d4 Nc6 2. d5 Ne5 3. g3 Ng6 4. Bg2 e5 5. dxe6 dxe6 6. Qxd8+ Kxd8 7. Nc3 Nf6 8. h4 h6 9. Nf3 Bd6 10. Nb5 Bb4+ 11. c3 Ba5 12. h5 Ne7 13. Bf4 a6 14. O-O-O Bd7 15. Ne5 Rf8 16. Bxb7 Rb8 17. Na7 Rxb7 18. Nac6+ Nxc6 19. Nxc6+ Kc8 20. Nxa5 Rb5 21. Nb3 Ng4 22. Rdf1 Rf5 23. Nd4 Rf6 24. Nf3 Bc6 25. Rh4 e5 26. Nxe5 Nxe5 27. Bxe5 Re6 28. Bxg7 Rg8 29. Bd4 Rxe2 30. Be3 f5 31. Bxh6 Be4 32. Bd2 Rd8 33. Rd1 Rxf2 34. h6 Bf3 35. h7 Bxd1 36. h8=Q Rxd2 37. Qf6 Bg4 38. Qxa6+ Kb8 39. Qb5+ Kc8 40. Rxg4 fxg4 41. Qf5+ Kb8 42. Qxg4 R2d6 43. a4 Rf8 44. Kb1 Rf1+ 45. Ka2 Rf2 46. Qb4+ Rb6 47. Qc4 Rfxb2+ 48. Ka3 Rb1 49. Qa2 c5 50. a5 Rb7 51. Ka4 c4 52. g4 R7b5 53. Qh2+ Kb7 54. Qh7+ Ka6 55. Qg6+ Ka7 56. Qf7+ Rb7 57. Qf2+ Ka6 58. Qf6+ Ka7 59. Qd4+ Ka8 60. Qd8+ Ka7 61. Qd4+ Ka8 62. Qd8+ Ka7 63. Qd4+ 1/2-1/2


[Site "https://www.chess.com"]

[Event "Titled Tuesday Blitz May 4 2021"]
[White "Costachi, Mihnea"]
[Black "Quparadze, Giga"]
[WhiteFideId "1217518"]
[BlackFideId "13602250"]
[WhiteElo "2479"]
[BlackElo "2658"]
[Result "0-1"]
[Round "05"]
[TimeControl "180+1"]
[Date "2021.05.04"]
[WhiteClock "0:00:45"]
[BlackClock "0:01:58"]

1. d4 Nf6 2. c4 e6 3. Nf3 b6 4. g3 Bb4+ 5. Bd2 c5 6. Bxb4 cxb4 7. Bg2 Bb7 8. O-O O-O 9. a3 bxa3 10. Rxa3 a5 11. Nc3 Na6 12. Qd2 Nb4 13. Nb5 d5 14. Ne5 Ba6 15. b3 Bxb5 16. cxb5 Qe8 17. Nd3 Qxb5 18. Nxb4 axb4 19. Rxa8 Rxa8 20. Rc1 h6 21. e3 Ne4 22. Bxe4 dxe4 23. Qc2 Qd5 24. Qc4 Ra3 25. Qxb4 Rxb3 26. Qc4 Qxc4 27. Rxc4 Kh7 28. Rc7 Kg6 29. g4 Kf6 30. h4 g5 31. h5 b5 32. Kg2 b4 33. Rb7 Rb1 34. Kh2 b3 35. Kg2 b2 36. Kh2 Kg7 37. Kg2 Kf8 38. Kh2 Ke8 39. Kg2 f5 40. gxf5 exf5 41. d5 f4 42. exf4 gxf4 43. d6 f3+ 44. Kh2 e3 45. Re7+ Kd8 46. Rxe3 Rd1 47. Rb3 b1=Q 48. Rxb1 Rxb1 49. Kg3 Rb5 50. Kf4 Rxh5 51. Kxf3 Rb5 52. Ke4 Kd7 53. f4 Kxd6 54. Kf3 Ke7 55. Kg4 Kf6 56. f5 Rxf5 57. Kh4 Rg5 58. Kh3 Kf5 59. Kh4 Kf4 60. Kh3 Kf3 61. Kh4 Rf5 62. Kh3 Rh5# 0-1


[Site "https://www.chess.com"]

[Event "Titled Tuesday Blitz May 4 2021"]
[White "Csonka, Balazs"]
[Black "Angel_Hranitel_37"]
[WhiteFideId "742910"]
[WhiteElo "2404"]
[BlackElo "2528"]
[Result "0-1"]
[Round "05"]
[TimeControl "180+1"]
[Date "2021.05.04"]
[WhiteClock "0:00:01"]
[BlackClock "0:00:18"]

1. e4 c5 2. Nf3 e6 3. d4 cxd4 4. Nxd4 Nf6 5. Nc3 Nc6 6. Nxc6 bxc6 7. e5 Nd5 8. Ne4 Qc7 9. f4 Qb6 10. c4 Bb4+ 11. Ke2 f5 12. exf6 Nxf6 13. Be3 Qd8 14. Nd6+ Bxd6 15. Qxd6 Bb7 16. Rd1 Rc8 17. Rg1 c5 18. g4 h6 19. h4 Ne4 20. Qe5 O-O 21. g5 Rf5 22. gxh6 Rxe5 23. Rxg7+ Kh8 24. fxe5 Bc6 25. Bg2 Qxh4 26. Bxe4 Qxe4 27. Rf1 Qxc4+ 28. Ke1 Bb5 29. Rf2 Qe4 30. Rg3 Rg8 31. Rxg8+ Kxg8 0-1


[Site "https://www.chess.com"]

[Event "Titled Tuesday Blitz May 4 2021"]
[White "Czopor, Maciej"]
[Black "Iniyan, P"]
[WhiteFideId "21805431"]
[BlackFideId "25002767"]
[WhiteElo "1939"]
[BlackElo "2400"]
[Result "0-1"]
[Round "05"]
[TimeControl "180+1"]
[Date "2021.05.04"]
[WhiteClock "0:00:04"]
[BlackClock "0:00:09"]

1. e4 c5 2. Nf3 d6 3. d3 Nf6 4. g3 g6 5. Bg2 Bg7 6. O-O O-O 7. c3 Nc6 8. Re1 Rb8 9. d4 cxd4 10. cxd4 d5 11. e5 Ne4 12. Nc3 Nxc3 13. bxc3 b6 14. Bg5 h6 15. Be3 Na5 16. Nd2 Ba6 17. h4 Rc8 18. Nb3 Nc4 19. Bf4 e6 20. Qc1 Kh7 21. a4 Qc7 22. h5 g5 23. Qc2+ Kg8 24. Bc1 Rfe8 25. a5 Bb5 26. axb6 axb6 27. f4 gxf4 28. Bxf4 Ra8 29. Rxa8 Rxa8 30. Qc1 Kh7 31. Bf1 Na3 32. Bh3 Bd3 33. Re3 Bc2 34. Nd2 b5 35. c4 b4 36. c5 Bf5 37. Nb3 Bxh3 38. g4 Bxg4 39. Rg3 Bf5 40. Kh2 Rg8 41. Qg1 Qd8 42. Qg2 Qh4+ 0-1


[Site "https://www.chess.com"]

[Event "Titled Tuesday Blitz May 4 2021"]
[White "Daniel, Damian"]
[Black "Shukhman, Anna"]
[WhiteFideId "1183621"]
[BlackFideId "54180058"]
[WhiteElo "2055"]
[BlackElo "1628"]
[Result "0-1"]
[Round "05"]
[TimeControl "180+1"]
[Date "2021.05.04"]
[WhiteClock "0:00:12"]
[BlackClock "0:00:56"]

1. d4 f5 2. c4 Nf6 3. g3 g6 4. Bg2 Bg7 5. Nf3 O-O 6. O-O d6 7. Nc3 Qe8 8. Re1 Qf7 9. d5 Ne4 10. Qc2 Nxc3 11. bxc3 h6 12. h4 c5 13. Bf4 a6 14. Rab1 Nd7 15. e4 fxe4 16. Qxe4 Bxc3 17. Re3 Nf6 18. Qxe7 Bd4 19. Nxd4 cxd4 20. Ree1 b5 21. Bxd6 Re8 22. Qxf7+ Kxf7 23. Be5 Bf5 24. Rbd1 d3 25. c5 Nd7 26. Bd4 Rxe1+ 27. Rxe1 Re8 28. Rxe8 Kxe8 29. c6 d2 30. cxd7+ Kxd7 31. Bf3 Bc2 32. Be3 d1=Q+ 33. Bxd1 Bxd1 34. Bxh6 Kd6 35. f4 Kxd5 36. Bf8 a5 37. a3 Kc4 38. Kf2 b4 39. axb4 axb4 40. Ke3 b3 41. f5 b2 0-1


[Site "https://www.chess.com"]

[Event "Titled Tuesday Blitz May 4 2021"]
[White "Daulyte-Cornette, Deimante"]
[Black "Villegas, Pierre"]
[WhiteFideId "12802859"]
[BlackFideId "654183"]
[WhiteElo "2285"]
[BlackElo "2411"]
[Result "0-1"]
[Round "05"]
[TimeControl "180+1"]
[Date "2021.05.04"]
[WhiteClock "0:00:05"]
[BlackClock "0:00:01"]

1. e4 c6 2. d4 d5 3. e5 Bf5 4. h4 h5 5. Bd3 Bxd3 6. Qxd3 e6 7. Bg5 Be7 8. Nf3 Nh6 9. Bxh6 Rxh6 10. Nc3 Qb6 11. O-O Nd7 12. Ne2 c5 13. c4 dxc4 14. Qxc4 Qc6 15. Rfd1 Nb6 16. Qb3 c4 17. Qc2 Nd5 18. Rac1 Rc8 19. Qd2 Rg6 20. Kh2 b5 21. Nf4 Nxf4 22. Qxf4 Rg4 23. Qe3 Qd5 24. g3 a5 25. b3 Kf8 26. bxc4 bxc4 27. Ne1 Re4 28. Qf3 Rxd4 29. Qxh5 Ke8 30. Rxd4 Qxd4 31. Kg1 c3 32. Rd1 Qc4 33. Nc2 Qxa2 34. Ne3 Bf8 0-1


[Site "https://www.chess.com"]

[Event "Titled Tuesday Blitz May 4 2021"]
[White "De Silva, L M S T"]
[Black "Tarasova, Viktoriya"]
[WhiteFideId "9953698"]
[BlackFideId "4175840"]
[WhiteElo "1621"]
[BlackElo "2182"]
[Result "1-0"]
[Round "05"]
[TimeControl "180+1"]
[Date "2021.05.04"]
[WhiteClock "0:00:14"]
[BlackClock "0:00:01"]

1. e4 e5 2. Nf3 Nc6 3. Bb5 Nf6 4. O-O Nxe4 5. d4 Nd6 6. dxe5 Nxb5 7. a4 Nbd4 8. Nxd4 d5 9. exd6 Nxd4 10. Qxd4 Qxd6 11. Re1+ Be6 12. Qe4 O-O-O 13. Nc3 a6 14. Bf4 Qb4 15. Qf3 Bd6 16. Bxd6 Rxd6 17. Ne4 Rd7 18. c3 Qb6 19. a5 Qc6 20. Qg3 f5 21. Ng5 Bb3 22. c4 Bxc4 23. Rac1 Qb5 24. h4 h6 25. Nf3 Rd3 26. Re5 Qb3 27. Re7 Rd6 28. Qf4 Qxb2 29. Qxc4 Rc6 30. Qxc6 bxc6 31. Rxc6 Qb1+ 32. Kh2 Kb8 33. Rcxc7 Rd8 34. Ne5 Rd6 35. Rxg7 Re6 36. Nc6+ Ka8 37. Ra7# 1-0


[Site "https://www.chess.com"]

[Event "Titled Tuesday Blitz May 4 2021"]
[White "De Waele, Warre"]
[Black "Ivanisevic, Ivan"]
[WhiteFideId "241156"]
[BlackFideId "912417"]
[WhiteElo "2183"]
[BlackElo "2525"]
[Result "0-1"]
[Round "05"]
[TimeControl "180+1"]
[Date "2021.05.04"]
[WhiteClock "0:00:06"]
[BlackClock "0:00:10"]

1. d4 Nf6 2. c4 c5 3. d5 b5 4. cxb5 a6 5. bxa6 g6 6. Nc3 Bxa6 7. e4 Qa5 8. Nf3 Nxe4 9. Bxa6 Nxc3 10. bxc3 Qxa6 11. Qe2 Bg7 12. Qxa6 Bxc3+ 13. Bd2 Bxd2+ 14. Kxd2 Nxa6 15. Kc3 Nc7 16. Rhd1 d6 17. a4 Kd7 18. Ne1 Rhb8 19. Nc2 Ra5 20. h3 Rba8 21. Kb3 Rb8+ 22. Kc3 e6 23. Ne3 exd5 24. Nxd5 Nxd5+ 25. Rxd5 Rb6 26. Rd2 Rba6 27. Kb3 Kc6 28. Rad1 Rb6+ 29. Kc3 Kd7 30. Ra2 Rb4 31. Rad2 Ra6 32. a5 Ra4 33. Rb2 R4xa5 34. Rb7+ Kc6 35. Rxf7 Ra3+ 36. Kd2 Ra2+ 37. Ke3 Ra7 38. Rf6 Re7+ 39. Kf3 Rd7 40. Ke4 Ra4+ 41. Ke3 Ra3+ 42. Ke4 Ra4+ 43. Ke3 Re7+ 44. Kf3 Rd4 45. Ra1 c4 46. Ra8 Kc5 47. Rc8+ Kb4 48. Rf4 Rxf4+ 49. Kxf4 d5 50. Rd8 Kc5 51. Rc8+ Kd4 52. g4 c3 53. h4 Kd3 54. h5 d4 55. hxg6 hxg6 56. Kg5 c2 57. f4 Kd2 58. Kf6 Re1 59. Kxg6 d3 60. f5 c1=Q 61. Rxc1 Kxc1 62. f6 d2 63. f7 Rf1 64. Kg7 d1=Q 0-1


[Site "https://www.chess.com"]

[Event "Titled Tuesday Blitz May 4 2021"]
[White "Dejmek, Mark"]
[Black "Bongo Akanga Ndjila, Barthelemy"]
[WhiteFideId "2017628"]
[BlackFideId "10609431"]
[WhiteElo "2189"]
[BlackElo "1803"]
[Result "1/2-1/2"]
[Round "05"]
[TimeControl "180+1"]
[Date "2021.05.04"]
[WhiteClock "0:00:08"]
[BlackClock "0:00:14"]

1. e4 c6 2. d4 d5 3. e5 Bf5 4. Nc3 e6 5. g4 Bg6 6. Nge2 Bb4 7. h4 h5 8. Nf4 Ne7 9. Nxg6 Nxg6 10. gxh5 Nxh4 11. Qg4 Nf5 12. Bd3 g6 13. Bd2 Nd7 14. O-O-O gxh5 15. Rxh5 Rxh5 16. Qxh5 Nxd4 17. Bg5 Qa5 18. Nb1 Nxe5 19. Qh8+ Kd7 20. Qxe5 Nf3 21. Qf6 Nxg5 22. Qxg5 Qxa2 23. Qf4 Be7 24. Qe5 Qa4 25. Nc3 Qa1+ 26. Nb1 Rg8 27. f4 f6 28. Qc3 e5 29. fxe5 fxe5 30. Qxe5 Bg5+ 31. Rd2 Bxd2+ 32. Kxd2 Qxb1 33. Bf5+ Kd8 34. Qd6+ Ke8 35. Qe6+ Kf8 36. Qf6+ Ke8 37. Qe6+ Kf8 38. Qf6+ Ke8 39. Qe6+ 1/2-1/2


[Site "https://www.chess.com"]

[Event "Titled Tuesday Blitz May 4 2021"]
[White "Demchenko, Anton"]
[Black "Alboredo, Julia"]
[WhiteFideId "4160258"]
[BlackFideId "2124807"]
[WhiteElo "2593"]
[BlackElo "2041"]
[Result "1/2-1/2"]
[Round "05"]
[TimeControl "180+1"]
[Date "2021.05.04"]
[WhiteClock "0:00:04"]
[BlackClock "0:00:07"]

1. e4 c5 2. Nf3 d6 3. Bb5+ Nc6 4. O-O Bd7 5. Re1 a6 6. Bf1 Bg4 7. h3 Bxf3 8. Qxf3 g6 9. c3 Bg7 10. Qd1 e6 11. d3 Nge7 12. Nd2 O-O 13. Nf3 b5 14. d4 cxd4 15. cxd4 d5 16. e5 Qb6 17. Kh1 Nf5 18. g4 Nfe7 19. Bg2 Rac8 20. Bg5 Rfe8 21. Qd2 Na5 22. b3 Nac6 23. Bf6 Qa5 24. Qf4 Nb4 25. Bxg7 Kxg7 26. Ng5 Rf8 27. Qf6+ Kg8 28. Qxe7 Nd3 29. Rf1 Qc3 30. Nf3 Nxf2+ 31. Kh2 Ne4 32. Qh4 Qe3 33. Rae1 Qf4+ 34. Kg1 Rc2 35. a4 Rfc8 36. axb5 axb5 37. Qe7 R8c7 38. Qd8+ Kg7 39. Nh4 Qd2 40. Rxe4 dxe4 41. Qf6+ Kg8 42. Qd8+ Kg7 43. Qf6+ Kg8 44. Qf4 Qxf4 45. Rxf4 Rc1+ 46. Kh2 R7c2 47. Rxe4 Rb1 48. Re3 Rbb2 49. Kg3 g5 50. Bf3 gxh4+ 51. Kxh4 Kg7 52. Kg5 Rd2 53. d5 exd5 54. e6 fxe6 55. Rxe6 Rxb3 56. Bg2 Rxg2 57. Re7+ Kf8 58. Rxh7 Rf2 59. h4 Re3 60. h5 Re5+ 61. Kg6 Re6+ 62. Kg5 Rf7 63. Rh8+ Ke7 64. h6 Re5+ 65. Kh4 Re4 66. Kh5 Rff4 67. g5 Re6 68. Rh7+ Kd6 69. Rb7 Ke5 70. h7 Rf1 71. g6 Rh1+ 72. Kg5 Rg1+ 73. Kh5 Rh1+ 74. Kg5 Kd4 75. Rxb5 Re5+ 76. Kf6 Ree1 77. Rb4+ Kc5 78. Rb8 Ref1+ 79. Kg7 Rfg1 80. Rg8 d4 81. h8=Q Rxh8 82. Rxh8 d3 83. Rd8 Kc4 84. Rc8+ Kd4 85. Rd8+ Ke3 86. Re8+ Kf3 87. Rf8+ Ke2 88. Re8+ Kd1 89. Kf6 d2 90. Rd8 Ke2 91. Re8+ Kf2 92. Rd8 d1=Q 93. Rxd1 Rxd1 94. g7 Rg1 95. Kf7 Kf3 96. g8=Q Rxg8 97. Kxg8 1/2-1/2


[Site "https://www.chess.com"]

[Event "Titled Tuesday Blitz May 4 2021"]
[White "Devaev, Alexander"]
[Black "Ohanyan, Emin"]
[WhiteFideId "4169395"]
[BlackFideId "13312022"]
[WhiteElo "2185"]
[BlackElo "1648"]
[Result "0-1"]
[Round "05"]
[TimeControl "180+1"]
[Date "2021.05.04"]
[WhiteClock "0:01:09"]
[BlackClock "0:00:03"]

1. Nf3 Nf6 2. d4 g6 3. c4 Bg7 4. Nc3 d5 5. Bg5 Ne4 6. cxd5 Nxg5 7. Nxg5 e6 8. Nf3 exd5 9. b4 O-O 10. Qb3 c6 11. e3 Re8 12. Be2 Nd7 13. O-O Nf6 14. b5 Qa5 15. Ne5 c5 16. Nxd5 Be6 17. Nxf6+ Bxf6 18. Bc4 cxd4 19. Nxf7 Kxf7 20. exd4 Bxc4 21. Qc3 Qxc3 22. Rac1 Qxd4 23. Rfd1 Rad8 24. Rxd4 Rxd4 25. h3 Rde4 26. Kh2 Be5+ 27. g3 Rd8 28. h4 Rd2 29. Kg2 Ree2 30. Rxc4 Rxf2+ 31. Kh3 h5 32. Rc7+ Bxc7 33. g4 Rh2# 0-1


[Site "https://www.chess.com"]

[Event "Titled Tuesday Blitz May 4 2021"]
[White "Diaz Camallonga, Carles"]
[Black "Manolache, Marius"]
[WhiteFideId "22235256"]
[BlackFideId "1201530"]
[WhiteElo "2438"]
[BlackElo "2391"]
[Result "1-0"]
[Round "05"]
[TimeControl "180+1"]
[Date "2021.05.04"]
[WhiteClock "0:00:13"]
[BlackClock "0:00:30"]

1. e4 c5 2. Nf3 e6 3. d4 cxd4 4. Nxd4 a6 5. c4 Nf6 6. Nc3 Qc7 7. a3 b6 8. Be3 Bb7 9. f3 h5 10. Qd2 d6 11. Rc1 Nbd7 12. Be2 Be7 13. b4 Rc8 14. O-O O-O 15. Kh1 Qb8 16. Bf2 Bd8 17. Nb3 Bc7 18. Bg3 Ne5 19. Bxe5 dxe5 20. c5 Qa7 21. Qe3 Bc6 22. Rfd1 Rfd8 23. Rxd8+ Rxd8 24. Rd1 Rc8 25. Rc1 Nd7 26. b5 axb5 27. Nxb5 Bxb5 28. Bxb5 Nxc5 29. Nxc5 bxc5 30. Qxc5 Qxc5 31. Rxc5 Rd8 32. Rc1 Ba5 33. a4 h4 34. g3 hxg3 35. hxg3 Rd2 36. Rc8+ Kh7 37. Ra8 Bb6 38. a5 Be3 39. a6 Ra2 40. Rb8 Rb2 41. Rb7 g5 42. Rxf7+ Kg6 43. Rb7 Kf6 44. Be8 Rxb7 45. axb7 Ba7 46. Bd7 Bb8 47. Kg2 Bc7 48. Kh3 Bb8 49. Kg4 Ke7 50. Bc8 Kf6 51. Kh5 Bc7 52. g4 Bb8 53. Kh6 Bc7 54. Kh7 Bb8 55. Kg8 Bd6 56. Bd7 Ke7 57. Bc6 Kf6 58. Bb5 Kg6 59. Bd7 Kf6 60. Kh7 Bc7 61. Kh6 Bb8 62. Bxe6 Kxe6 63. Kxg5 Kf7 64. Kh6 Kg8 65. Kg6 Bc7 66. Kf6 Kf8 67. Ke6 Ke8 68. g5 Bb8 69. g6 Bc7 70. g7 1-0


[Site "https://www.chess.com"]

[Event "Titled Tuesday Blitz May 4 2021"]
[White "DieHardCuban"]
[Black "Amarasinghe, A A C B"]
[BlackFideId "9901809"]
[WhiteElo "2397"]
[BlackElo "1778"]
[Result "1-0"]
[Round "05"]
[TimeControl "180+1"]
[Date "2021.05.04"]
[WhiteClock "0:01:05"]
[BlackClock "0:01:39"]

1. d4 Nf6 2. c4 g6 3. Nc3 d5 4. cxd5 Nxd5 5. e4 Nxc3 6. bxc3 Bg7 7. Be3 c5 8. Qd2 Nc6 9. Rc1 O-O 10. d5 Ne5 11. h3 e6 12. c4 b6 13. f4 exd5 14. cxd5 Nd7 15. Nf3 Bb7 16. e5 Re8 17. Bc4 Nxe5 18. fxe5 Bxe5 19. O-O Bg7 20. d6 Bxf3 21. Rxf3 Rxe3 22. Rxe3 Bd4 23. Kh1 Qxd6 24. Rf3 Rf8 25. Rcf1 Kh8 26. Rxf7 Rxf7 27. Rxf7 Qg3 28. Qf4 1-0


[Site "https://www.chess.com"]